 Dungeon Crawl Stone Soup version 0.23-a0-451-g1044d4c (webtiles) character file.

13286 Erlindor the Fighter (level 12, 0/100 HPs)
             Began as a Merfolk Necromancer on Nov 20, 2018.
             Was a Priest of Kikubaaqudgha.
             Slain by an unseen horror (3 damage)
             ... on level 10 of the Dungeon on Nov 23, 2018.
             The game lasted 01:09:49 (22050 turns).

Erlindor the Fighter (Merfolk Necromancer)         Turns: 22050, Time: 01:09:49

Health: 0/100      AC:  6    Str:  8    XL:     12   Next: 4%
Magic:  19/25      EV: 21    Int: 23    God:    Kikubaaqudgha [***...]
Gold:   699        SH:  0    Dex: 23    Spells: 19/30 levels left

rFire    + . .     SeeInvis .   H - +4 mace of Pestilence {elec, Dex+4}
rCold    . . .     Gourm    +   (no shield)
rNeg     + . .     Faith    .   M - +0 troll leather armour
rPois    +         Spirit   .   w - +2 hat "Boguj" {rF+ MR+ Int+3}
rElec    .         Reflect  .   (no cloak)
rCorr    .         Harm     .   (no gloves)
MR       +....                  (no boots)
Stlth    +++.......             z - amulet of the gourmand
HPRegen  1.66/turn              t - ring of poison resistance
MPRegen  0.19/turn              x - ring of positive energy

@: agile, regenerating
A: change form in water, swift swim, stealthy swim
a: Receive Corpses, Renounce Religion


You were on level 10 of the Dungeon.
You worshipped Kikubaaqudgha.
Kikubaaqudgha was most pleased with you.
You were completely stuffed.

You visited 1 branch of the dungeon, and saw 10 of its levels.

You collected 699 gold pieces.

Inventory:

Hand Weapons
 a - a +0 whip of venom
 b - a +0 hunting sling of flaming
 H - the +4 mace of Pestilence (weapon) {elec, Dex+4}
   (You found it on level 9 of the Dungeon)

   Occasionally, upon striking a foe, it will discharge some electrical energy
   and cause terrible harm.
   It affects your dexterity (+4).
Missiles
 h - a throwing net (quivered)
 A - 200 stones
 G - 14 sling bullets
Armour
 w - the +2 hat "Boguj" (worn) {rF+ MR+ Int+3}
   (You found it on level 5 of the Dungeon)

   It affects your intelligence (+3).
   It protects you from fire.
   It affects your resistance to hostile enchantments.
 M - a +0 troll leather armour (worn)
Jewellery
 t - a ring of poison resistance (left hand)
 x - a ring of positive energy (right hand)
 z - an amulet of the gourmand (around neck)
 L - a cursed ring of teleportation {unknown}
Wands
 g - a wand of clouds (3)
 u - a wand of flame (17)
 J - a wand of paralysis (8)
Scrolls
 e - 6 scrolls of remove curse
 i - a scroll of fear {unknown}
 m - 6 scrolls of teleportation
 n - 4 scrolls of immolation {unknown}
 o - 2 scrolls of noise {unknown}
 p - a scroll of amnesia {unknown}
 r - a scroll of random uselessness {unknown}
 C - 2 scrolls of enchant armour {unknown}
 D - a scroll of magic mapping {unknown}
 E - a scroll of blinking {unknown}
 F - 6 scrolls of enchant weapon {unknown}
 I - a scroll of acquirement {unknown}
 K - 3 scrolls of identify
Potions
 d - a potion of might
 f - 2 potions of flight
 k - a potion of agility
 q - a potion of lignification
 s - a potion of cancellation
 v - a potion of resistance {unknown}
 y - a potion of mutation
 B - a potion of brilliance {unknown}
Comestibles
 c - 14 rations


   Skills:
 + Level 11.1 Fighting
 + Level 6.3 Dodging
 - Level 2.1 Stealth
 + Level 9.7 Spellcasting
 - Level 4.0 Charms
 + Level 9.3 Necromancy
 - Level 2.8 Translocations


You had 19 spell levels left.
You knew the following spells:

 Your Spells              Type           Power        Failure   Level  Hunger
a - Pain                  Necr           ####         1%          1    None
b - Animate Skeleton      Necr           N/A          1%          1    None
c - Regeneration          Chrm/Necr      #####.....   1%          3    None
d - Vampiric Draining     Necr           ######....   1%          3    None
e - Apportation           Tloc           ###...       2%          1    None
f - Sublimation of Blood  Necr           ######....   1%          2    None

Your spell library contained the following spells:

 Spells                   Type           Power        Failure   Level  Hunger
 Animate Dead             Necr           N/A          1%          4    ##.....
 Agony                    Necr           ######..     4%          5    ####...
 Dispel Undead            Necr           ######..     4%          5    ####...
 Confusing Touch          Hex            ##....       9%          1    None
 Summon Small Mammal      Summ           ##..         9%          1    None
 Call Imp                 Summ           ##......     13%         2    None
 Call Canine Familiar     Summ           ##......     26%         3    None
 Ignite Poison            Fire/Tmut/Pois ##......     26%         3    None
 Summon Guardian Golem    Hex/Summ       ##......     26%         3    None
 Death Channel            Necr           ######....   28%         6    ######.
 Borgnjor's Vile Clutch   Necr/Erth      ####......   34%         5    ####...
 Summon Ice Beast         Ice/Summ       ##......     63%         4    ##.....
 Summon Lightning Spire   Summ/Air       ##......     63%         4    ##.....
 Fireball                 Conj/Fire      ##........   93%         5    ####...
 Bolt of Fire             Conj/Fire      ##........   100%        6    ######.
 Ring of Flames           Chrm/Fire      ###.......   100%        7    #######
 Ignition                 Fire           ##........   100%        8    #######


Dungeon Overview and Level Annotations

Branches:
Dungeon (10/15)            Temple (0/1) D:7            Lair (0/6) D:9
    Orc: D:9-12

Altars:
Ashenzari
Kikubaaqudgha
Okawaru
Ru
Trog
Uskayaw
Xom

Shops:
D:7 *

Annotations:
D:4 exclusion: ogre
D:8 exclusion: downstairs
D:9 exclusion: door


Message History

* * * LOW HITPOINT WARNING * * *
The orc barely misses you.
You hit the orc but do no damage. Something hits you but does no damage.
The black bear skeleton completely misses you. x3
The orc completely misses you.
The black bear skeleton bites you but does no damage.
The black bear skeleton misses you.
The black bear skeleton closely misses you.
You sock the orc!
You kill the orc!
Kikubaaqudgha accepts your kill. Something closely misses you.
The black bear skeleton bites you.
* * * LOW HITPOINT WARNING * * *
The black bear skeleton claws you.
* * * LOW HITPOINT WARNING * * *
The black bear skeleton claws you.
* * * LOW HITPOINT WARNING * * *
Something hits you.
You die...
Kikubaaqudgha rasps: "You have failed me!
Welcome... death!"

... ... .. ). #.#.
#))# ###'#######
#.........#
#..Z)..#######'#####
#...{..#............
#..@...#............
#......#............
#......#......≈.....
#......#............
#......#............
#>.....'...≈..≈..≈..
##'#####............
#.# #............
#.# #......≈.....


You could see a black bear skeleton.

Vanquished Creatures
  Harold (D:7)
  A two-headed ogre (D:9)
  3 death yaks (D:8)
  Pikel (D:7)
  A centaur zombie (D:10)
  Maurice (D:8)
  2 centaur skeletons (D:10)
  A gargoyle (D:10)
  A komodo dragon (D:10)
  A queen bee (D:8)
  3 trolls
  A hornet (D:10)
  Prince Ribbit (D:7)
  2 hippogriffs
  Sigmund (D:3)
  4 yaks (D:8)
  Eustachio (D:5)
  2 hungry ghosts
  7 orc warriors
  A black bear (D:10)
  2 ice beasts
  2 slaves
  2 sky beasts
  3 necrophages
  5 ogres
  2 phantoms
  5 centaurs
  2 big kobolds
  5 bullfrogs
  A water moccasin zombie (D:7)
  A scorpion (D:8)
  4 wights (D:10)
  25 killer bees
  4 howler monkeys
  7 crimson imps
  4 hounds
  3 orc priests
  2 jellies
  9 orc wizards
  4 bullfrog skeletons
  Jessica (D:2)
  6 worker ants
  2 killer bee zombies (D:6)
  2 hound skeletons
  A worker ant zombie (D:7)
  4 adders
  9 gnolls
  2 shadow imps
  3 adder skeletons
  A worm (D:5)
  2 dart slugs
  4 leopard geckos
  48 orcs
  2 ball pythons
  A bat zombie (D:3)
  2 giant cockroaches
  7 goblins
  8 hobgoblins
  5 jackals
  10 kobolds
  4 quokkas
  7 bats
  5 frilled lizards
  2 leopard gecko skeletons
  A quokka zombie (D:7)
  6 rats
  2 rat zombies (D:3)
275 creatures vanquished.

Vanquished Creatures (collateral kills)
  2 orc priests
  A gnoll (D:3)
  An ooze (D:4)
  3 orcs
  A kobold (D:2)
8 creatures vanquished.

Vanquished Creatures (others)
  An orc priest (D:9)
1 creature vanquished.

Grand Total: 284 creatures vanquished

Notes
Turn   | Place    | Note
-------+----------+-------------------------------------------
     0 | D:1      | Erlindor the Merfolk Necromancer began the quest for the
                  | Orb.
     0 | D:1      | Reached XP level 1. HP: 13/13 MP: 3/3
   184 | D:1      | Reached XP level 2. HP: 17/20 MP: 0/5
   201 | D:1      | Reached skill level 1 in Fighting
   904 | D:1      | Learned a level 1 spell: Animate Skeleton
  1044 | D:2      | Upgraded the game from 0.23-a0-448-g1c01f63 to
                  | 0.23-a0-449-g8e4cbf7
  1049 | D:2      | Reached XP level 3. HP: 26/26 MP: 4/6
  1205 | D:2      | Found a bloodstained altar of Trog.
  1472 | D:2      | Noticed Jessica
  1675 | D:2      | Killed Jessica
  1675 | D:2      | Reached skill level 2 in Fighting
  1675 | D:2      | Reached XP level 4. HP: 30/33 MP: 1/8
  1748 | D:2      | Learned a level 3 spell: Regeneration
  2364 | D:3      | Found a hide-covered altar of Uskayaw.
  2364 | D:3      | Found a shattered altar of Ashenzari.
  2366 | D:3      | Found an iron altar of Okawaru.
  2818 | D:3      | Noticed Sigmund
  3290 | D:3      | Reached XP level 5. HP: 33/39 MP: 2/9
  3703 | D:3      | Reached skill level 3 in Fighting
  4368 | D:3      | Killed Sigmund
  4368 | D:3      | Reached skill level 1 in Charms
  4368 | D:3      | Reached XP level 6. HP: 17/47 MP: 3/11
  4373 | D:3      | Found an ancient bone altar of Kikubaaqudgha.
  4381 | D:3      | Became a worshipper of Kikubaaqudgha
  5116 | D:4      | Found a shimmering altar of Xom.
  5690 | D:4      | Learned a level 3 spell: Vampiric Draining
  5699 | D:4      | Reached skill level 4 in Fighting
  5699 | D:4      | Reached XP level 7. HP: 33/54 MP: 3/13
  6305 | D:5      | Entered Level 5 of the Dungeon
  6347 | D:5      | Got a faintly humming hat
  6349 | D:5      | Identified the +2 hat "Boguj" {rF+ MR+ Int+3} (You found it
                  | on level 5 of the Dungeon)
  6461 | D:5      | Reached skill level 5 in Necromancy
  6715 | D:5      | Reached skill level 5 in Fighting
  6715 | D:5      | Reached XP level 8. HP: 54/62 MP: 12/15
  7222 | D:5      | Noticed Eustachio
  7253 | D:5      | Killed Eustachio
  7253 | D:5      | Reached skill level 5 in Spellcasting
  8208 | D:6      | Learned a level 1 spell: Apportation
  8504 | D:6      | Reached skill level 6 in Fighting
  8706 | D:6      | Reached * piety under Kikubaaqudgha
  8706 | D:6      | Identified Kikubaaqudgha's Papyrus of Dark Magic
                  | (Kikubaaqudgha gifted it to you on level 6 of the Dungeon)
  8706 | D:6      | Received a gift from Kikubaaqudgha
  9034 | D:6      | Reached skill level 1 in Translocations
  9533 | D:6      | Found a sacrificial altar of Ru.
  9562 | D:6      | Reached XP level 9. HP: 69/69 MP: 17/17
  9747 | D:7      | Found Maisoz's Assorted Antiques.
 10157 | D:7      | Found a staircase to the Ecumenical Temple.
 10185 | D:7      | Learned a level 2 spell: Sublimation of Blood
 10236 | D:7      | Noticed Harold
 10448 | D:7      | Killed Harold
 10448 | D:7      | Reached skill level 7 in Fighting
 10743 | D:7      | Noticed Pikel
 10883 | D:7      | Noticed Prince Ribbit
 12165 | D:7      | Reached XP level 10. HP: 67/80 MP: 1/20
 12386 | D:7      | Reached skill level 8 in Fighting
 12696 | D:7      | Killed Prince Ribbit
 13179 | D:7      | Killed Pikel
 13583 | D:8      | Reached ** piety under Kikubaaqudgha
 14305 | D:8      | Noticed Maurice
 14612 | D:8      | Reached skill level 9 in Fighting
 15633 | D:8      | Killed Maurice
 16169 | D:9      | Got an ichor-stained mace
 16172 | D:9      | Identified the +4 mace of Pestilence {elec, Dex+4} (You
                  | found it on level 9 of the Dungeon)
 17151 | D:9      | Noticed a deep elf archer
 17692 | D:9      | Reached XP level 11. HP: 78/90 MP: 6/23
 18249 | D:9      | Noticed a two-headed ogre
 18312 | D:9      | Killed a two-headed ogre
 18312 | D:9      | Reached skill level 10 in Fighting
 18737 | D:9      | Noticed a death yak
 18777 | D:8      | Upgraded the game from 0.23-a0-449-g8e4cbf7 to
                  | 0.23-a0-451-g1044d4c
 20106 | D:8      | Killed a death yak
 20293 | D:9      | Noticed a death yak
 20293 | D:9      | Noticed a death yak
 20366 | D:8      | Killed a death yak
 20756 | D:8      | Killed a death yak
 20756 | D:8      | Reached skill level 5 in Dodging
 20915 | D:9      | Found a staircase to the Lair.
 21176 | D:10     | Entered Level 10 of the Dungeon
 21329 | D:10     | Reached *** piety under Kikubaaqudgha
 21329 | D:10     | Identified Kikubaaqudgha's Collected Works on Sinister
                  | Rituals (Kikubaaqudgha gifted it to you on level 10 of the
                  | Dungeon)
 21329 | D:10     | Received a gift from Kikubaaqudgha
 21912 | D:10     | Reached skill level 11 in Fighting
 22020 | D:10     | Reached XP level 12. HP: 87/99 MP: 23/25
 22046 | D:10     | HP: 5/100 [black bear skeleton[the player character] (2)]
 22049 | D:10     | HP: 2/100 [black bear skeleton[the player character] (3)]
 22050 | D:10     | Slain by an unseen horror

Vault maps used:
D:1:      eino_arrival_cavern_d
D:2:      bloody_trog, first_ration, uniq_jessica
D:3:      lemuel_zombie_altar_kikubaaqudgha, grunt_temple_overflow_open,
          portal_sewer_entry_d, uniq_sigmund
D:4:      kennysheep_mini_moat, gammafunk_temple_overflow_elements,
          serial_shops, shop
D:5:      uniq_eustachio
D:6:      nicolae_ru_sacrificial_ziggurat
D:7:      minmay_chambers_of_fours, minmay_temple_entry_ruins, serial_shops,
          shop_statue, uniq_prince_ribbit1, uniq_pikel, uniq_harold
D:8:      uniq_maurice
D:9:      dpeg_lair_monsters, david_nohive_1, evilmike_minifort
D:10:     orc_david_3, basic_altar, kennysheep_generic_room_2, uniq_josephine

Skill      XL: |  1  2  3  4  5  6  7  8  9 10 11 |
---------------+----------------------------------+-----
Fighting       | 1 2 3 4 5 6 7 9 11 | 11.1
Spellcasting   | 3 4 5 7 8 9 |  9.7
Necromancy     | 4 5 7 8 9 |  9.3
Charms         | 1 2 3 4 |  4.0
Translocations | 1 2 |  2.8
Dodging        | 6 |  6.3
Stealth        | |  2.1

Action                   |  1- 3 |  4- 6 |  7- 9 | 10-12 || total
-------------------------+-------+-------+-------+-------++-------
Melee: Unarmed           |     2 |       |       |       ||     2
       Club              |    14 |       |       |       ||    14
       Whip              |    17 |    18 |   200 |   241 ||   476
       Tailslap          |       |       |       |     1 ||     1
       Mace              |       |       |       |    77 ||    77
 Fire: Hunting sling     |       |       |    19 |    22 ||    41
Throw: Throwing net      |       |       |     1 |       ||     1
 Cast: Pain              |    47 |   150 |   182 |   295 ||   674
       Animate Skeleton  |     1 |    18 |    26 |    24 ||    69
       Apportation       |       |       |     2 |       ||     2
       Regeneration      |       |       |     4 |     3 ||     7
       Vampiric Draining |       |       |     7 |   119 ||   126
Invok: Receive Corpses   |       |       |     2 |     2 ||     4
Evoke: Wand              |       |       |       |     4 ||     4
  Use: Potion            |       |     1 |     3 |     3 ||     7
       Scroll            |       |       |    12 |     1 ||    13
 Stab: Sleeping          |     1 |       |       |       ||     1
       Distracted        |     1 |       |       |     1 ||     2
  Eat: Chunk             |     2 |    10 |    17 |    38 ||    67
       Ration            |       |     1 |     4 |     2 ||     7
Armor: Leather armour    |     4 |    16 |    84 |    78 ||   182
       Troll leather arm |       |       |       |    82 ||    82
Dodge: Dodged            |    36 |    62 |   168 |   375 ||   641

Table legend:
 A = Non-vault XP
 B = Vault XP
 C = Vault XP percentage of total XP
 D = Non-vault monster count
 E = Vault monster count
 F = Vault count percentage of total count
                 A         B        C        D         E       F
            +---------+---------+-------+---------+---------+-------
      Total |    9335 |    9646 |  50.8 |     225 |      57 |  20.2
            +---------+---------+-------+---------+---------+-------
        D:1 |      31 |       0 |   0.0 |      18 |       0 |   0.0
        D:2 |      25 |      37 |  59.7 |      15 |       1 |   6.2
        D:3 |     143 |     241 |  62.8 |      30 |       5 |  14.3
        D:4 |     464 |       0 |   0.0 |      21 |       0 |   0.0
        D:5 |     742 |     191 |  20.5 |      24 |       1 |   4.0
        D:6 |     490 |       0 |   0.0 |      17 |       0 |   0.0
        D:7 |    1326 |    2564 |  65.9 |      28 |       8 |  22.2
        D:8 |    1262 |    4269 |  77.2 |      28 |      12 |  30.0
        D:9 |    2170 |    1636 |  43.0 |      21 |      20 |  48.8
       D:10 |    2682 |     708 |  20.9 |      23 |      10 |  30.3
            +---------+---------+-------+---------+---------+-------
